Predators vs Maple Leafs
Created - November 13, 2024 at 20:27
Goals
|
Predators |
4 |
1 |
1 |
6 |
Maple Leafs |
2 |
0 |
0 |
2 |
|
Shots
|
Predators |
12 |
8 |
15 |
35 |
Maple Leafs |
8 |
12 |
4 |
24 |
|
1st period
1. Predators , Mikael Granlund 4 (Ryan Mcdonagh 2, Alexander Ovechkin 3) at 7:02
2. Maple Leafs , Evander Kane 7 (Bo Horvat 7, Andre Burakovsky 11) at 7:16
3. Maple Leafs , Evander Kane 8 (Zach Werenski 8, Andre Burakovsky 12) at 8:53
4. Predators , Mikael Granlund 5 (Jack Eichel 6) at 12:19 (PP)
5. Predators , Jack Eichel 4 (Mikael Granlund 7) at 16:58
6. Predators , Alexander Ovechkin 4 (Mikael Granlund 8, Justin Faulk 6) at 17:58
Penalties :
Justin Faulk (Nas) for Hooking (Minor) at 9:04, Luke Schenn (TOR) for High sticking (Minor) at 12:16, Reilly Smith (Nas) for Holding (Minor) at 13:24
2nd period
7. Predators , Reilly Smith 3 (Jaden Schwartz 8, Justin Faulk 7) at 7:36
Penalties :
Andre Burakovsky (TOR) for Roughing (Minor) at 4:12, Scott Laughton (Nas) for High sticking (Minor) at 15:59
3rd period
8. Predators , Mark Pysyk 2 (Claude Giroux 2, Scott Laughton 1) at 12:10 (PP)
Penalties :
Elias Pettersson (TOR) for Tripping (Minor) at 2:48, Elias Pettersson (TOR) for Tripping (Minor) at 11:08, Valentin Zykov (TOR) for Tripping (Minor) at 15:40
Goalie Stats
Andrei Vasilevskiy (Nas), 22 saves from 24 shots - (0.917), W, 5-3-1, 60:00 minutes
Kristers Gudlevskis (TOR), 24 saves from 26 shots - (0.923), 42:02 minutes
Carter Hutton (TOR), 5 saves from 9 shots - (0.556), L, 0-3-0, 17:58 minutes
Players Stats for Predators
Player Name G A P +/- PIM S H SB GA TA FO MP PP MP PK MP
------------------------------------------------------------------------------------
Alexander Ovechkin 1 1 2 2 0 3 0 0 0 1 0/0 19:23 2:39 0:52
Andreas Englund 0 0 0 1 0 0 2 0 0 0 0/0 13:16 0:00 0:52
Andy Miele 0 0 0 0 0 1 2 1 0 0 3/8 13:18 0:00 3:11
Claude Giroux 0 1 1 -1 0 1 0 0 0 0 0/0 17:10 3:05 1:54
Jack Eichel 1 1 2 2 0 7 1 0 0 0 12/20 18:37 2:39 0:00
Jaden Schwartz 0 1 1 1 0 0 1 0 1 0 2/2 15:25 1:18 1:54
Joel Armia 0 0 0 1 0 0 0 0 0 0 1/1 10:11 1:18 0:00
John Moore 0 0 0 0 0 1 1 4 0 0 0/0 19:15 2:02 2:18
Justin Faulk 0 2 2 1 2 0 1 2 1 1 0/0 27:14 5:00 2:34
Mark Pysyk 1 0 1 -1 0 2 1 0 2 2 0/1 16:52 3:05 3:11
Markus Granlund 0 0 0 0 0 0 0 0 0 0 1/3 8:14 0:00 0:00
Mikael Granlund 2 2 4 2 0 8 1 0 1 0 0/0 18:35 2:39 0:00
Morgan Rielly 0 0 0 1 0 0 0 1 0 0 0/0 14:23 0:00 2:18
Nicolas Kerdiles 0 0 0 0 0 2 1 0 0 1 0/0 9:26 0:00 0:52
Reilly Smith 1 0 1 1 2 4 2 0 0 0 1/1 13:14 1:18 0:00
Ryan Mcdonagh 0 1 1 1 0 3 1 1 1 1 0/0 28:13 5:00 3:39
Scott Laughton 0 1 1 -1 2 0 3 0 0 1 6/13 13:48 3:05 0:00
Travis Dermott 0 0 0 0 0 3 0 1 0 0 0/0 17:26 2:02 0:13
Players Stats for Maple Leafs
Player Name G A P +/- PIM S H SB GA TA FO MP PP MP PK MP
------------------------------------------------------------------------------------
Andre Burakovsky 0 2 2 0 2 4 0 0 1 0 0/0 19:42 3:11 0:00
Ben Smith 0 0 0 -1 0 1 2 1 1 0 1/1 18:59 2:46 3:47
Bo Horvat 0 1 1 1 0 4 2 1 0 0 9/22 19:27 2:59 0:34
Brandon Saad 0 0 0 -1 0 0 1 0 0 0 0/0 8:57 0:00 1:33
Brendan Guhle 0 0 0 -1 0 0 0 0 0 1 0/0 18:19 0:00 3:15
Elias Pettersson 0 0 0 -2 4 1 1 0 0 0 6/13 16:33 2:46 1:10
Evander Kane 2 0 2 1 0 4 3 0 1 0 0/1 20:52 3:11 1:37
Haydn Fleury 0 0 0 0 0 1 0 1 0 0 0/0 16:31 0:00 3:35
Jason Zucker 0 0 0 -1 0 3 2 1 1 1 1/1 14:49 2:46 0:00
John Klingberg 0 0 0 1 0 1 1 0 0 2 0/0 21:56 3:52 0:12
Jon Merrill 0 0 0 -2 0 0 0 3 1 1 0/0 21:03 2:05 3:47
Luke Schenn 0 0 0 -3 2 2 1 1 0 1 0/0 19:32 2:05 3:15
Nicholas Baptiste 0 0 0 0 0 2 0 0 0 0 0/0 6:40 0:00 0:00
Patrice Cormier 0 0 0 0 0 0 0 0 1 0 4/9 10:32 0:00 3:46
Pontus Aberg 0 0 0 -1 0 0 1 0 0 0 0/0 11:30 0:00 0:00
Sam Bennett 0 0 0 -1 0 1 0 1 0 0 2/2 13:31 0:12 1:37
Valentin Zykov 0 0 0 -1 2 0 0 0 1 0 0/0 11:32 0:00 0:00
Zach Werenski 0 1 1 1 0 0 2 0 0 0 0/0 22:28 3:52 0:00
3 Stars
1 - Mikael Granlund (Nas)
2 - Jack Eichel (Nas)
3 - Alexander Ovechkin (Nas)
Power Play
Predators - 2 on 5 Attempt(s) - 40.00%
Maple Leafs - 0 on 3 Attempt(s) - 0.00%
Penalty Kill
Predators - 3 on 3 Attempt(s) - 100.00%
- Score 0 goal in Penalty Kill
Maple Leafs - 3 on 5 Attempt(s) - 60.00%
- Score 0 goal in Penalty Kill
Team Stat
Predators - Hits : 17 - Faceoff Wins : 26 - Blocked Shots : 10 - Penalty Minutes : 6
Maple Leafs - Hits : 16 - Faceoff Wins : 23 - Blocked Shots : 9 - Penalty Minutes : 10
Official
Referees : Wes McCauley and Jean Hebert
Linesman : Ryan Daisy and Steve Barton
Game Notes
Kristers Gudlevskis enters game at 17:58 of 1st period
Finance
Level 1 -- Attendance: 6000 (100.00%) -- Ticket Income $600,000
Level 2 -- Attendance: 5000 (100.00%) -- Ticket Income $350,000
Level 3 -- Attendance: 1862 (93.10%) -- Ticket Income $74,480
Level 4 -- Attendance: 3876 (96.90%) -- Ticket Income $116,280
Luxury Box -- Attendance: 892 (89.20%) -- Ticket Income $178,400
Game was played at the Scotiabank Arena.
Total Attendance: 17630 (97.94%)
Total Ticket Income: $1,319,160
Other Income: $197,874
Total Income: $1,517,034
Predators
5 vs 5 Forward
Center Left Wing Right Wing Time % Phy DF OF
1 Jack Eichel Alexander Ovechkin Mikael Granlund 40 1 2 2
2 Scott Laughton Claude Giroux Mark Pysyk 30 1 2 2
3 Andy Miele Jaden Schwartz Reilly Smith 20 1 2 2
4 Markus Granlund Nicolas Kerdiles Joel Armia 10 1 2 2
5 vs 5 Defense
Defense Defense Time % Phy DF OF
1 Ryan Mcdonagh Justin Faulk 40 1 2 2
2 John Moore Travis Dermott 30 1 2 2
3 Andreas Englund Morgan Rielly 20 1 2 2
4 Ryan Mcdonagh Justin Faulk 10 1 3 1
PowerPlay Forward
Center Left Wing Right Wing Time % Phy DF OF
1 Jack Eichel Alexander Ovechkin Mikael Granlund 60 1 1 3
2 Scott Laughton Claude Giroux Mark Pysyk 40 1 1 3
PowerPlay Defense
Defense Defense Time % Phy DF OF
1 Ryan Mcdonagh Justin Faulk 60 1 2 2
2 John Moore Travis Dermott 40 1 2 2
Penalty Kill 4 Players Forward
Center Wing Time % Phy DF OF
1 Andy Miele Mark Pysyk 60 1 2 2
2 Claude Giroux Jaden Schwartz 40 1 2 2
Penalty Kill 4 Players Defense
Defense Defense Time % Phy DF OF
1 Ryan Mcdonagh Justin Faulk 60 1 3 1
2 John Moore Morgan Rielly 40 1 3 1
Penalty Kill - 3 Players Forward
Forward Time % Phy DF OF
1 Mark Pysyk 60 1 3 1
2 Claude Giroux 40 1 3 1
Penalty Kill - 3 Players Defense
Defense Defense Time % Phy DF OF
1 Ryan Mcdonagh Justin Faulk 60 1 3 1
2 John Moore Morgan Rielly 40 1 3 1
4 vs 4 Forward
Center Wing Time % Phy DF OF
1 Mikael Granlund Alexander Ovechkin 60 1 2 2
2 Jack Eichel Claude Giroux 40 1 2 2
4 vs 4 Defense
Defense Defense Time % Phy DF OF
1 Ryan Mcdonagh Justin Faulk 60 1 2 2
2 John Moore Travis Dermott 40 1 2 2
Last Minutes Offensive
Center Left Wing Right Wing Defense Defense
Jack Eichel Alexander Ovechkin Mikael Granlund Ryan Mcdonagh Justin Faulk
Last Minutes Defensive
Center Left Wing Right Wing Defense Defense
Andy Miele Claude Giroux Mark Pysyk Ryan Mcdonagh John Moore
Goaltenders
Starting : Andrei Vasilevskiy
Backup : Kari Lehtonen
Extra Forwards
Normal : Jaden Schwartz, Reilly Smith, Mikael Granlund - PP : Jaden Schwartz, Reilly Smith - PK : Nicolas Kerdiles
Extra Defensemen
Normal : John Moore, Morgan Rielly, Travis Dermott - PP : Morgan Rielly - PK : Andreas Englund, Travis Dermott
Penalty Shots
Alexander Ovechkin, Jack Eichel, Claude Giroux, Mikael Granlund, Jaden Schwartz
Custom OT Lines Forwards
Jack Eichel, Mikael Granlund, Alexander Ovechkin, Claude Giroux, Jaden Schwartz, Mark Pysyk, Reilly Smith, Scott Laughton, Andy Miele, Joel Armia
Custom OT Lines Defensemen
Ryan Mcdonagh, Justin Faulk, John Moore, Travis Dermott, Morgan Rielly
Scratches
Anton Gustafsson (Healthy)
Maple Leafs
5 vs 5 Forward
Center Left Wing Right Wing Time % Phy DF OF
1 Bo Horvat Evander Kane Andre Burakovsky 40 1 2 2
2 Elias Pettersson Jason Zucker Ben Smith 30 1 2 2
3 Sam Bennett Valentin Zykov Pontus Aberg 20 1 2 2
4 Patrice Cormier Brandon Saad Nicholas Baptiste 10 1 2 2
5 vs 5 Defense
Defense Defense Time % Phy DF OF
1 Zach Werenski John Klingberg 40 1 2 2
2 Jon Merrill Luke Schenn 30 1 2 2
3 Haydn Fleury Brendan Guhle 20 1 2 2
4 Zach Werenski Jon Merrill 10 1 2 2
PowerPlay Forward
Center Left Wing Right Wing Time % Phy DF OF
1 Bo Horvat Evander Kane Andre Burakovsky 60 1 2 2
2 Elias Pettersson Jason Zucker Ben Smith 40 1 2 2
PowerPlay Defense
Defense Defense Time % Phy DF OF
1 Zach Werenski John Klingberg 60 1 2 2
2 Jon Merrill Luke Schenn 40 1 2 2
Penalty Kill 4 Players Forward
Center Wing Time % Phy DF OF
1 Patrice Cormier Ben Smith 60 1 2 2
2 Sam Bennett Evander Kane 40 1 2 2
Penalty Kill 4 Players Defense
Defense Defense Time % Phy DF OF
1 Haydn Fleury Jon Merrill 60 1 2 2
2 Brendan Guhle Luke Schenn 40 1 2 2
Penalty Kill - 3 Players Forward
Forward Time % Phy DF OF
1 Evander Kane 60 1 2 2
2 Bo Horvat 40 1 2 2
Penalty Kill - 3 Players Defense
Defense Defense Time % Phy DF OF
1 Haydn Fleury Jon Merrill 60 1 2 2
2 Brendan Guhle Luke Schenn 40 1 2 2
4 vs 4 Forward
Center Wing Time % Phy DF OF
1 Bo Horvat Evander Kane 60 1 2 2
2 Elias Pettersson Andre Burakovsky 40 1 2 2
4 vs 4 Defense
Defense Defense Time % Phy DF OF
1 Zach Werenski Jon Merrill 60 1 2 2
2 John Klingberg Luke Schenn 40 1 2 2
Last Minutes Offensive
Center Left Wing Right Wing Defense Defense
Bo Horvat Evander Kane Andre Burakovsky Zach Werenski John Klingberg
Last Minutes Defensive
Center Left Wing Right Wing Defense Defense
Patrice Cormier Evander Kane Ben Smith Jon Merrill Haydn Fleury
Goaltenders
Starting : Carter Hutton
Backup : Kristers Gudlevskis
Extra Forwards
Normal : Elias Pettersson, Sam Bennett, Evander Kane - PP : Sam Bennett, Jason Zucker - PK : Bo Horvat
Extra Defensemen
Normal : Haydn Fleury, Zach Werenski, John Klingberg - PP : Haydn Fleury - PK : Brendan Guhle, John Klingberg
Penalty Shots
Evander Kane, Elias Pettersson, Andre Burakovsky, Bo Horvat, Jason Zucker
Custom OT Lines Forwards
Evander Kane, Bo Horvat, Andre Burakovsky, Ben Smith, Jason Zucker, Sam Bennett, Brandon Saad, Elias Pettersson, Valentin Zykov, Pontus Aberg
Custom OT Lines Defensemen
Zach Werenski, Jon Merrill, John Klingberg, Luke Schenn, Haydn Fleury
Scratches
None
% Time on Ice - Predators
Lines # - Real PCT - Wanted PCT - Time Play
Normal Forward
1 - 37% - 40% - 17:32
2 - 26% - 30% - 12:11
3 - 20% - 20% - 9:15
4 - 17% - 10% - 8:03
Normal Defense
1 - 36% - 40% - 17:09
2 - 35% - 30% - 16:30
3 - 23% - 20% - 10:46
4 - 6% - 10% - 2:36
PP Forward
1 - 56% - 60% - 3:57
2 - 44% - 40% - 3:05
PP Defense
1 - 71% - 60% - 5:00
2 - 29% - 40% - 2:02
PK Forward
1 - 68% - 60% - 4:03
2 - 32% - 40% - 1:54
PK Defense
1 - 61% - 60% - 3:39
2 - 39% - 40% - 2:18
PK3 Forward
1 - 0% - 60%
2 - 0% - 40%
PK3 Defense
1 - 0% - 60%
2 - 0% - 40%
44 Forward
1 - 0% - 60%
2 - 0% - 40%
44 Defense
1 - 0% - 60%
2 - 0% - 40%
Last Minute Offensive - 0:00
Last Minute Defensive - 0:00
Total
Forward - 60:00
Defense - 60:00
|
% Time on Ice - Maple Leafs
Lines # - Real PCT - Wanted PCT - Time Play
Normal Forward
1 - 37% - 40% - 17:10
2 - 25% - 30% - 11:41
3 - 24% - 20% - 11:30
4 - 14% - 10% - 6:40
Normal Defense
1 - 40% - 40% - 18:52
2 - 30% - 30% - 14:13
3 - 25% - 20% - 11:32
4 - 5% - 10% - 2:24
PP Forward
1 - 54% - 60% - 3:11
2 - 46% - 40% - 2:46
PP Defense
1 - 65% - 60% - 3:52
2 - 35% - 40% - 2:05
PK Forward
1 - 77% - 60% - 5:25
2 - 23% - 40% - 1:37
PK Defense
1 - 54% - 60% - 3:47
2 - 46% - 40% - 3:15
PK3 Forward
1 - 0% - 60%
2 - 0% - 40%
PK3 Defense
1 - 0% - 60%
2 - 0% - 40%
44 Forward
1 - 0% - 60%
2 - 0% - 40%
44 Defense
1 - 0% - 60%
2 - 0% - 40%
Last Minute Offensive - 0:00
Last Minute Defensive - 0:00
Total
Forward - 60:00
Defense - 60:00
|
Play-by-Play
1st period
0:01 of 1st period - Bo Horvat wins face-off versus Jack Eichel in neutral zone.
0:13 of 1st period - Slapshot by Mikael Granlund.
0:13 of 1st period - Stopped by Carter Hutton without a rebound.
0:14 of 1st period - Elias Pettersson wins face-off versus Scott Laughton in Maple Leafs zone.
0:41 of 1st period - Snap shot by Nicholas Baptiste.
0:41 of 1st period - Shot Misses the Net.
1:21 of 1st period - Snap shot by Jaden Schwartz.
1:21 of 1st period - Shot Misses the Net.
1:46 of 1st period - Icing by Mikael Granlund.
1:47 of 1st period - Jack Eichel wins face-off versus Elias Pettersson in Predators zone.
2:00 of 1st period - Snap shot by Mikael Granlund.
2:00 of 1st period - Stopped by Carter Hutton with a rebound.
3:06 of 1st period - Snap shot by Nicholas Baptiste.
3:06 of 1st period - Stopped by Andrei Vasilevskiy with a rebound.
3:24 of 1st period - Snap shot by Ben Smith.
3:24 of 1st period - Shot Hit the Post.
4:00 of 1st period - Jaden Schwartz is hit by John Klingberg and loses puck.
4:24 of 1st period - Brendan Guhle is hit by Mark Pysyk and loses puck.
4:47 of 1st period - Snap shot by Elias Pettersson.
4:47 of 1st period - Shot Misses the Net.
6:32 of 1st period - Bo Horvat is hit by Nicolas Kerdiles and loses puck.
6:41 of 1st period - Wrist shot by Nicolas Kerdiles.
6:41 of 1st period - Stopped by Carter Hutton without a rebound.
6:42 of 1st period - Bo Horvat wins face-off versus Scott Laughton in Maple Leafs zone.
6:47 of 1st period - Ryan Mcdonagh is hit by Evander Kane and loses puck.
6:56 of 1st period - Snap shot by Justin Faulk.
6:56 of 1st period - Deflect By Mark Pysyk.
6:56 of 1st period - Shot Blocked by Jon Merrill.
6:56 of 1st period - Puck is out of play.
6:57 of 1st period - Jack Eichel wins face-off versus Elias Pettersson in Maple Leafs zone.
6:58 of 1st period - Wrist shot by Mikael Granlund.
6:58 of 1st period - Shot Misses the Net.
7:00 of 1st period - Wrist shot by Alexander Ovechkin.
7:00 of 1st period - Shot Blocked by Jon Merrill.
7:02 of 1st period - Slapshot by Ryan Mcdonagh.
7:02 of 1st period - Deflect By Mikael Granlund.
7:02 of 1st period - Goal by Mikael Granlund - Predators : 1 - Maple Leafs : 0.
7:03 of 1st period - Bo Horvat wins face-off versus Jack Eichel in neutral zone.
7:06 of 1st period - Wrist shot by Andre Burakovsky.
7:06 of 1st period - Shot Misses the Net.
7:08 of 1st period - Slapshot by Luke Schenn.
7:08 of 1st period - Shot Hit the Post.
7:10 of 1st period - Wrist shot by Luke Schenn.
7:10 of 1st period - Shot Blocked by Justin Faulk.
7:14 of 1st period - Snap shot by Bo Horvat.
7:14 of 1st period - Stopped by Andrei Vasilevskiy with a rebound.
7:16 of 1st period - Wrist shot by Evander Kane.
7:16 of 1st period - Goal by Evander Kane - Predators : 1 - Maple Leafs : 1.
7:17 of 1st period - Jack Eichel wins face-off versus Bo Horvat in neutral zone.
7:33 of 1st period - Snap shot by Jack Eichel.
7:33 of 1st period - Shot Misses the Net.
7:43 of 1st period - Ryan Mcdonagh is hit by Elias Pettersson and loses puck.
8:04 of 1st period - Wrist shot by Valentin Zykov.
8:04 of 1st period - Shot Blocked by Travis Dermott.
8:12 of 1st period - Snap shot by Valentin Zykov.
8:12 of 1st period - Shot Blocked by John Moore.
8:23 of 1st period - Off-side.
8:24 of 1st period - Patrice Cormier wins face-off versus Jack Eichel in neutral zone.
8:49 of 1st period - Slapshot by Andre Burakovsky.
8:49 of 1st period - Shot Blocked by Justin Faulk.
8:51 of 1st period - Slapshot by Andre Burakovsky.
8:51 of 1st period - Shot Misses the Net.
8:53 of 1st period - Slapshot by Zach Werenski.
8:53 of 1st period - Deflect By Evander Kane.
8:53 of 1st period - Goal by Evander Kane - Predators : 1 - Maple Leafs : 2.
8:54 of 1st period - Bo Horvat wins face-off versus Jack Eichel in neutral zone.
9:04 of 1st period - Minor Penalty to Justin Faulk for Hooking.
9:05 of 1st period - Andy Miele wins face-off versus Bo Horvat in Predators zone.
9:15 of 1st period - Snap shot by Andre Burakovsky.
9:15 of 1st period - Stopped by Andrei Vasilevskiy with a rebound.
9:38 of 1st period - Slapshot by Elias Pettersson.
9:38 of 1st period - Stopped by Andrei Vasilevskiy with a rebound.
9:40 of 1st period - Snap shot by Jason Zucker.
9:40 of 1st period - Shot Misses the Net.
9:42 of 1st period - Wrist shot by Elias Pettersson.
9:42 of 1st period - Shot Misses the Net.
9:44 of 1st period - Snap shot by Zach Werenski.
9:44 of 1st period - Shot Blocked by John Moore.
10:16 of 1st period - Andre Burakovsky is hit by Andreas Englund and loses puck.
10:58 of 1st period - Zach Werenski is hit by John Moore and loses puck.
11:04 of 1st period - Penalty to Justin Faulk is over, Justin Faulk is back on ice.
11:58 of 1st period - Jason Zucker is hit by Reilly Smith and loses puck.
12:16 of 1st period - Minor Penalty to Luke Schenn for High sticking.
12:17 of 1st period - Jack Eichel wins face-off versus Patrice Cormier in Maple Leafs zone.
12:19 of 1st period - Wrist shot by Jack Eichel.
12:19 of 1st period - Deflect By Mikael Granlund.
12:19 of 1st period - Goal by Mikael Granlund - Predators : 2 - Maple Leafs : 2.
12:20 of 1st period - Jack Eichel wins face-off versus Bo Horvat in neutral zone.
13:24 of 1st period - Minor Penalty to Reilly Smith for Holding.
13:25 of 1st period - Bo Horvat wins face-off versus Andy Miele in Predators zone.
13:59 of 1st period - Wrist shot by Elias Pettersson.
13:59 of 1st period - Shot Blocked by John Moore.
14:01 of 1st period - Wrist shot by Ben Smith.
14:01 of 1st period - Shot Blocked by Morgan Rielly.
15:08 of 1st period - Ryan Mcdonagh is hit by Jason Zucker and loses puck.
15:24 of 1st period - Penalty to Reilly Smith is over, Reilly Smith is back on ice.
16:28 of 1st period - Icing by Luke Schenn.
16:29 of 1st period - Elias Pettersson wins face-off versus Markus Granlund in Maple Leafs zone.
16:58 of 1st period - Snap shot by Jack Eichel.
16:58 of 1st period - Goal by Jack Eichel - Predators : 3 - Maple Leafs : 2.
16:59 of 1st period - Jack Eichel wins face-off versus Bo Horvat in neutral zone.
17:38 of 1st period - Slapshot by Jack Eichel.
17:38 of 1st period - Shot Misses the Net.
17:40 of 1st period - Backhand shot by Ryan Mcdonagh.
17:40 of 1st period - Deflect By Alexander Ovechkin.
17:40 of 1st period - Stopped by Carter Hutton with a rebound.
17:42 of 1st period - Slapshot by Ryan Mcdonagh.
17:42 of 1st period - Shot Blocked by Jon Merrill.
17:44 of 1st period - Snap shot by Justin Faulk.
17:44 of 1st period - Shot Blocked by Sam Bennett.
17:56 of 1st period - Snap shot by Mikael Granlund.
17:56 of 1st period - Stopped by Carter Hutton with a rebound.
17:58 of 1st period - Snap shot by Alexander Ovechkin.
17:58 of 1st period - Goal by Alexander Ovechkin - Predators : 4 - Maple Leafs : 2.
17:58 of 1st period - Kristers Gudlevskis enters game.
17:59 of 1st period - Andy Miele wins face-off versus Bo Horvat in neutral zone.
18:12 of 1st period - Snap shot by Reilly Smith.
18:12 of 1st period - Shot Misses the Net.
18:14 of 1st period - Slapshot by Travis Dermott.
18:14 of 1st period - Stopped by Kristers Gudlevskis without a rebound.
18:15 of 1st period - Jason Zucker wins face-off versus Scott Laughton in Maple Leafs zone.
18:52 of 1st period - Wrist shot by Evander Kane.
18:52 of 1st period - Deflect By Andre Burakovsky.
18:52 of 1st period - Stopped by Andrei Vasilevskiy with a rebound.
18:54 of 1st period - Backhand shot by Bo Horvat.
18:54 of 1st period - Stopped by Andrei Vasilevskiy with a rebound.
19:04 of 1st period - Jon Merrill is hit by Andy Miele and loses puck.
19:09 of 1st period - Slapshot by Reilly Smith.
19:09 of 1st period - Stopped by Kristers Gudlevskis without a rebound.
19:10 of 1st period - Jaden Schwartz wins face-off versus Elias Pettersson in Maple Leafs zone.
19:13 of 1st period - Wrist shot by Jaden Schwartz.
19:13 of 1st period - Shot Misses the Net.
19:16 of 1st period - Icing by Luke Schenn.
19:17 of 1st period - Elias Pettersson wins face-off versus Jack Eichel in Maple Leafs zone.
19:52 of 1st period - Snap shot by Mikael Granlund.
19:52 of 1st period - Stopped by Kristers Gudlevskis with a rebound.
Goals for this period are 4 for Predators vs 2 for Maple Leafs.
Shots for this period are 12 for Predators vs 8 for Maple Leafs.
2nd period
0:01 of 2nd period - Scott Laughton wins face-off versus Bo Horvat in neutral zone.
0:10 of 2nd period - Snap shot by Mark Pysyk.
0:10 of 2nd period - Shot Misses the Net.
0:12 of 2nd period - Snap shot by Ryan Mcdonagh.
0:12 of 2nd period - Stopped by Kristers Gudlevskis without a rebound.
0:13 of 2nd period - Jack Eichel wins face-off versus Bo Horvat in Maple Leafs zone.
0:28 of 2nd period - Snap shot by Andre Burakovsky.
0:28 of 2nd period - Shot Blocked by Ryan Mcdonagh.
2:35 of 2nd period - Snap shot by Sam Bennett.
2:35 of 2nd period - Stopped by Andrei Vasilevskiy without a rebound.
2:36 of 2nd period - Bo Horvat wins face-off versus Andy Miele in Predators zone.
2:37 of 2nd period - Snap shot by Evander Kane.
2:37 of 2nd period - Shot Misses the Net.
2:39 of 2nd period - Snap shot by Bo Horvat.
2:39 of 2nd period - Shot Blocked by Andy Miele.
2:41 of 2nd period - Snap shot by Andre Burakovsky.
2:41 of 2nd period - Stopped by Andrei Vasilevskiy with a rebound.
2:43 of 2nd period - Wrist shot by Evander Kane.
2:43 of 2nd period - Stopped by Andrei Vasilevskiy without a rebound.
2:44 of 2nd period - Bo Horvat wins face-off versus Jack Eichel in Predators zone.
3:05 of 2nd period - Snap shot by Andre Burakovsky.
3:05 of 2nd period - Stopped by Andrei Vasilevskiy with a rebound.
3:41 of 2nd period - Wrist shot by Bo Horvat.
3:41 of 2nd period - Stopped by Andrei Vasilevskiy with a rebound.
3:45 of 2nd period - Wrist shot by Evander Kane.
3:45 of 2nd period - Stopped by Andrei Vasilevskiy with a rebound.
3:51 of 2nd period - Backhand shot by Evander Kane.
3:51 of 2nd period - Shot Blocked by John Moore.
4:12 of 2nd period - Minor Penalty to Andre Burakovsky for Roughing.
4:13 of 2nd period - Scott Laughton wins face-off versus Patrice Cormier in Maple Leafs zone.
4:15 of 2nd period - Wrist shot by Claude Giroux.
4:15 of 2nd period - Shot Blocked by Haydn Fleury.
4:17 of 2nd period - Wrist shot by Claude Giroux.
4:17 of 2nd period - Stopped by Kristers Gudlevskis with a rebound.
5:23 of 2nd period - Brandon Saad is hit by Justin Faulk and loses puck.
6:12 of 2nd period - Penalty to Andre Burakovsky is over, Andre Burakovsky is back on ice.
6:21 of 2nd period - Slapshot by Andre Burakovsky.
6:21 of 2nd period - Shot Misses the Net.
6:33 of 2nd period - Snap shot by Reilly Smith.
6:33 of 2nd period - Stopped by Kristers Gudlevskis with a rebound.
6:49 of 2nd period - Slapshot by Jaden Schwartz.
6:49 of 2nd period - Shot Misses the Net.
6:51 of 2nd period - Snap shot by Reilly Smith.
6:51 of 2nd period - Shot Misses the Net.
7:21 of 2nd period - Joel Armia is hit by Brandon Saad and loses puck.
7:34 of 2nd period - Wrist shot by Reilly Smith.
7:34 of 2nd period - Stopped by Kristers Gudlevskis with a rebound.
7:36 of 2nd period - Wrist shot by Reilly Smith.
7:36 of 2nd period - Goal by Reilly Smith - Predators : 5 - Maple Leafs : 2.
7:37 of 2nd period - Sam Bennett wins face-off versus Scott Laughton in neutral zone.
7:40 of 2nd period - Claude Giroux is hit by Zach Werenski and loses puck.
8:08 of 2nd period - Slapshot by Jack Eichel.
8:08 of 2nd period - Stopped by Kristers Gudlevskis with a rebound.
8:10 of 2nd period - Snap shot by Jack Eichel.
8:10 of 2nd period - Shot Misses the Net.
8:12 of 2nd period - Backhand shot by Travis Dermott.
8:12 of 2nd period - Shot Blocked by Ben Smith.
8:14 of 2nd period - Snap shot by Jack Eichel.
8:14 of 2nd period - Stopped by Kristers Gudlevskis with a rebound.
8:46 of 2nd period - Evander Kane is hit by Mikael Granlund and loses puck.
9:22 of 2nd period - Haydn Fleury is hit by Andreas Englund and loses puck.
11:22 of 2nd period - Icing by Nicholas Baptiste.
11:23 of 2nd period - Jack Eichel wins face-off versus Patrice Cormier in Maple Leafs zone.
12:30 of 2nd period - Slapshot by Zach Werenski.
12:30 of 2nd period - Shot Misses the Net.
12:46 of 2nd period - Slapshot by John Klingberg.
12:46 of 2nd period - Stopped by Andrei Vasilevskiy without a rebound.
12:47 of 2nd period - Scott Laughton wins face-off versus Elias Pettersson in Predators zone.
12:52 of 2nd period - Scott Laughton is hit by Ben Smith and loses puck.
12:57 of 2nd period - Wrist shot by Ben Smith.
12:57 of 2nd period - Stopped by Andrei Vasilevskiy with a rebound.
13:15 of 2nd period - Justin Faulk is hit by Jason Zucker and loses puck.
13:32 of 2nd period - Snap shot by Ben Smith.
13:32 of 2nd period - Shot Misses the Net.
13:34 of 2nd period - Slapshot by Luke Schenn.
13:34 of 2nd period - Stopped by Andrei Vasilevskiy with a rebound.
13:36 of 2nd period - Slapshot by Haydn Fleury.
13:36 of 2nd period - Deflect By Mikael Granlund.
13:36 of 2nd period - Stopped by Andrei Vasilevskiy with a rebound.
13:38 of 2nd period - Wrist shot by Haydn Fleury.
13:38 of 2nd period - Shot Misses the Net.
13:40 of 2nd period - Slapshot by Jason Zucker.
13:40 of 2nd period - Stopped by Andrei Vasilevskiy with a rebound.
13:42 of 2nd period - Wrist shot by Jason Zucker.
13:42 of 2nd period - Stopped by Andrei Vasilevskiy with a rebound.
13:44 of 2nd period - Snap shot by Elias Pettersson.
13:44 of 2nd period - Shot Misses the Net.
13:46 of 2nd period - Wrist shot by Ben Smith.
13:46 of 2nd period - Shot Hit the Post.
13:54 of 2nd period - Wrist shot by Mikael Granlund.
13:54 of 2nd period - Shot Blocked by Luke Schenn.
13:56 of 2nd period - Snap shot by Jack Eichel.
13:56 of 2nd period - Stopped by Kristers Gudlevskis without a rebound.
13:57 of 2nd period - Reilly Smith wins face-off versus Bo Horvat in Maple Leafs zone.
14:37 of 2nd period - Slapshot by John Klingberg.
14:37 of 2nd period - Shot Misses the Net.
14:39 of 2nd period - Slapshot by Sam Bennett.
14:39 of 2nd period - Shot Misses the Net.
15:59 of 2nd period - Minor Penalty to Scott Laughton for High sticking.
16:00 of 2nd period - Bo Horvat wins face-off versus Andy Miele in Predators zone.
16:35 of 2nd period - Wrist shot by Elias Pettersson.
16:35 of 2nd period - Shot Misses the Net.
17:15 of 2nd period - John Moore is hit by Zach Werenski and loses puck.
17:59 of 2nd period - Penalty to Scott Laughton is over, Scott Laughton is back on ice.
18:00 of 2nd period - Evander Kane is hit by Scott Laughton and loses puck.
18:31 of 2nd period - Icing by Nicholas Baptiste.
18:32 of 2nd period - Sam Bennett wins face-off versus Markus Granlund in Maple Leafs zone.
19:40 of 2nd period - Snap shot by Sam Bennett.
19:40 of 2nd period - Deflect By Travis Dermott.
19:40 of 2nd period - Shot Misses the Net.
19:40 of 2nd period - Puck is out of play.
19:41 of 2nd period - Elias Pettersson wins face-off versus Andy Miele in Predators zone.
19:48 of 2nd period - Backhand shot by Jason Zucker.
19:48 of 2nd period - Shot Misses the Net.
Goals for this period are 1 for Predators vs 0 for Maple Leafs.
Shots for this period are 8 for Predators vs 12 for Maple Leafs.
3rd period
0:01 of 3rd period - Scott Laughton wins face-off versus Bo Horvat in neutral zone.
0:18 of 3rd period - John Klingberg is hit by Scott Laughton and loses puck.
1:19 of 3rd period - Snap shot by Nicholas Baptiste.
1:19 of 3rd period - Shot Misses the Net.
2:07 of 3rd period - Icing by John Moore.
2:08 of 3rd period - Joel Armia wins face-off versus Bo Horvat in Predators zone.
2:45 of 3rd period - Wrist shot by Nicolas Kerdiles.
2:45 of 3rd period - Stopped by Kristers Gudlevskis without a rebound.
2:46 of 3rd period - Ben Smith wins face-off versus Scott Laughton in Maple Leafs zone.
2:48 of 3rd period - Minor Penalty to Elias Pettersson for Tripping.
2:49 of 3rd period - Jack Eichel wins face-off versus Patrice Cormier in Maple Leafs zone.
4:48 of 3rd period - Penalty to Elias Pettersson is over, Elias Pettersson is back on ice.
5:06 of 3rd period - Evander Kane is hit by Andy Miele and loses puck.
5:23 of 3rd period - Morgan Rielly is hit by Ben Smith and loses puck.
5:47 of 3rd period - Morgan Rielly is hit by Luke Schenn and loses puck.
6:26 of 3rd period - Andreas Englund is hit by Pontus Aberg and loses puck.
6:50 of 3rd period - John Klingberg is hit by Reilly Smith and loses puck.
7:19 of 3rd period - Elias Pettersson is hit by Jaden Schwartz and loses puck.
7:53 of 3rd period - Haydn Fleury is hit by Ryan Mcdonagh and loses puck.
8:08 of 3rd period - Snap shot by Mark Pysyk.
8:08 of 3rd period - Stopped by Kristers Gudlevskis with a rebound.
8:10 of 3rd period - Slapshot by Justin Faulk.
8:10 of 3rd period - Shot Misses the Net.
8:22 of 3rd period - Slapshot by Travis Dermott.
8:22 of 3rd period - Deflect By Brendan Guhle.
8:22 of 3rd period - Stopped by Kristers Gudlevskis without a rebound.
8:23 of 3rd period - Elias Pettersson wins face-off versus Andy Miele in Maple Leafs zone.
8:54 of 3rd period - Snap shot by Jack Eichel.
8:54 of 3rd period - Stopped by Kristers Gudlevskis with a rebound.
8:56 of 3rd period - Slapshot by John Moore.
8:56 of 3rd period - Stopped by Kristers Gudlevskis with a rebound.
8:58 of 3rd period - Slapshot by John Moore.
8:58 of 3rd period - Shot Blocked by Bo Horvat.
9:00 of 3rd period - Slapshot by Travis Dermott.
9:00 of 3rd period - Stopped by Kristers Gudlevskis without a rebound.
9:01 of 3rd period - Elias Pettersson wins face-off versus Scott Laughton in Maple Leafs zone.
9:06 of 3rd period - Snap shot by Jason Zucker.
9:06 of 3rd period - Stopped by Andrei Vasilevskiy with a rebound.
9:26 of 3rd period - Jack Eichel is hit by Evander Kane and loses puck.
9:51 of 3rd period - Snap shot by Andy Miele.
9:51 of 3rd period - Stopped by Kristers Gudlevskis without a rebound.
9:52 of 3rd period - Andy Miele wins face-off versus Elias Pettersson in Maple Leafs zone.
9:57 of 3rd period - Wrist shot by Jaden Schwartz.
9:57 of 3rd period - Shot Misses the Net.
9:59 of 3rd period - Snap shot by Reilly Smith.
9:59 of 3rd period - Shot Misses the Net.
10:25 of 3rd period - Snap shot by Mikael Granlund.
10:25 of 3rd period - Shot Misses the Net.
10:27 of 3rd period - Slapshot by Ryan Mcdonagh.
10:27 of 3rd period - Stopped by Kristers Gudlevskis without a rebound.
10:28 of 3rd period - Jack Eichel wins face-off versus Evander Kane in Maple Leafs zone.
11:03 of 3rd period - Wrist shot by Mikael Granlund.
11:03 of 3rd period - Stopped by Kristers Gudlevskis without a rebound.
11:04 of 3rd period - Scott Laughton wins face-off versus Elias Pettersson in Maple Leafs zone.
11:08 of 3rd period - Minor Penalty to Elias Pettersson for Tripping.
11:09 of 3rd period - Patrice Cormier wins face-off versus Jack Eichel in Maple Leafs zone.
11:09 of 3rd period - Patrice Cormier is hit by Jack Eichel.
12:10 of 3rd period - Snap shot by Mark Pysyk.
12:10 of 3rd period - Goal by Mark Pysyk - Predators : 6 - Maple Leafs : 2.
12:11 of 3rd period - Jack Eichel wins face-off versus Bo Horvat in neutral zone.
12:14 of 3rd period - Slapshot by Jack Eichel.
12:14 of 3rd period - Shot Misses the Net.
12:16 of 3rd period - Snap shot by Jack Eichel.
12:16 of 3rd period - Shot Misses the Net.
12:22 of 3rd period - Backhand shot by Mikael Granlund.
12:22 of 3rd period - Deflect By Alexander Ovechkin.
12:22 of 3rd period - Stopped by Kristers Gudlevskis without a rebound.
12:23 of 3rd period - Bo Horvat wins face-off versus Mark Pysyk in Maple Leafs zone.
12:52 of 3rd period - Backhand shot by Jaden Schwartz.
12:52 of 3rd period - Deflect By Andy Miele.
12:52 of 3rd period - Shot Blocked by Jason Zucker.
12:52 of 3rd period - Puck is out of play.
12:53 of 3rd period - Jaden Schwartz wins face-off versus Elias Pettersson in Maple Leafs zone.
12:54 of 3rd period - Slapshot by Reilly Smith.
12:54 of 3rd period - Shot Misses the Net.
13:04 of 3rd period - Snap shot by Elias Pettersson.
13:04 of 3rd period - Shot Misses the Net.
13:06 of 3rd period - Slapshot by Jon Merrill.
13:06 of 3rd period - Deflect By Ben Smith.
13:06 of 3rd period - Deflect By Andy Miele.
13:06 of 3rd period - Shot Misses the Net.
13:06 of 3rd period - Puck is out of play.
13:07 of 3rd period - Scott Laughton wins face-off versus Bo Horvat in Predators zone.
14:27 of 3rd period - Snap shot by Nicholas Baptiste.
14:27 of 3rd period - Stopped by Andrei Vasilevskiy with a rebound.
14:29 of 3rd period - Snap shot by Patrice Cormier.
14:29 of 3rd period - Shot Misses the Net.
14:36 of 3rd period - Icing by Ryan Mcdonagh.
14:37 of 3rd period - Markus Granlund wins face-off versus Bo Horvat in Predators zone.
14:37 of 3rd period - Markus Granlund is hit by Bo Horvat.
14:54 of 3rd period - Mark Pysyk is hit by Bo Horvat and loses puck.
15:40 of 3rd period - Minor Penalty to Valentin Zykov for Tripping.
15:41 of 3rd period - Patrice Cormier wins face-off versus Jack Eichel in Maple Leafs zone.
16:35 of 3rd period - Off-side.
16:36 of 3rd period - Jack Eichel wins face-off versus Patrice Cormier in neutral zone.
17:12 of 3rd period - Snap shot by Jack Eichel.
17:12 of 3rd period - Stopped by Kristers Gudlevskis with a rebound.
17:14 of 3rd period - Snap shot by Alexander Ovechkin.
17:14 of 3rd period - Shot Misses the Net.
17:16 of 3rd period - Snap shot by Jack Eichel.
17:16 of 3rd period - Stopped by Kristers Gudlevskis with a rebound.
17:18 of 3rd period - Backhand shot by Ryan Mcdonagh.
17:18 of 3rd period - Stopped by Kristers Gudlevskis with a rebound.
17:20 of 3rd period - Slapshot by Ryan Mcdonagh.
17:20 of 3rd period - Deflect By Mikael Granlund.
17:20 of 3rd period - Stopped by Kristers Gudlevskis without a rebound.
17:21 of 3rd period - Patrice Cormier wins face-off versus Scott Laughton in Maple Leafs zone.
17:40 of 3rd period - Penalty to Valentin Zykov is over, Valentin Zykov is back on ice.
19:06 of 3rd period - Ryan Mcdonagh is hit by Evander Kane and loses puck.
19:11 of 3rd period - Slapshot by Bo Horvat.
19:11 of 3rd period - Stopped by Andrei Vasilevskiy with a rebound.
19:13 of 3rd period - Snap shot by Bo Horvat.
19:13 of 3rd period - Shot Hit the Post.
19:15 of 3rd period - Slapshot by Bo Horvat.
19:15 of 3rd period - Shot Misses the Net.
19:17 of 3rd period - Slapshot by Luke Schenn.
19:17 of 3rd period - Stopped by Andrei Vasilevskiy with a rebound.
19:19 of 3rd period - Wrist shot by Evander Kane.
19:19 of 3rd period - Shot Misses the Net.
19:44 of 3rd period - Brendan Guhle is hit by Scott Laughton and loses puck.
Goals for this period are 1 for Predators vs 0 for Maple Leafs.
Shots for this period are 15 for Predators vs 4 for Maple Leafs.